 Dungeon Crawl Stone Soup version 0.27-a0-906-g0a00ce863d (webtiles) character file.

Game seed: 12634932493247365617

44 spiderkeys the Chopper (level 3, 0/30 HPs)
             Began as a Ghoul Gladiator on Apr 6, 2021.
             Slain by an iguana (10 damage)
             ... on level 2 of the Dungeon.
             The game lasted 00:01:32 (1280 turns).

spiderkeys the Chopper (Ghoul Gladiator)            Turns: 1280, Time: 00:01:32

Health: 0/30       AC:  4    Str: 17    XL:     3   Next: 62%
Magic:  2/2        EV: 12    Int:  4    God:
Gold:   58         SH:  0    Dex: 10    Spells: 2/2 levels left

rFire    . . .     SeeInvis .   a - +0 war axe
rCold    + . .     Faith    .   (no shield)
rNeg     + + +     Spirit   .   b - +0 leather armour
rPois    ∞         Reflect  .   c - +0 helmet
rElec    .         Harm     .   (no cloak)
rCorr    .         Rampage  .   (no gloves)
Will     .....                  (no boots)
Stlth    +.........             (no amulet)
HPRegen  0.00/turn              (no ring)
MPRegen  0.08/turn              (no ring)

@: no status effects
A: claws 1, cold resistance 1, negative energy resistance 3, inhibited
regeneration, torment resistance 2, unbreathing 1
a: no special abilities


You were on level 2 of the Dungeon.
You visited 1 branch of the dungeon, and saw 2 of its levels.

You collected 58 gold pieces.

Inventory:

Hand Weapons
 a - a +0 war axe (weapon)
Missiles
 d - 3 throwing nets (quivered)
 f - a javelin
Armour
 b - a +0 leather armour (worn)
 c - a +0 helmet (worn)
Scrolls
 e - a scroll of identify {unknown}
 h - a scroll of immolation {unknown}
Potions
 g - a potion of attraction {unknown}


   Skills:
 + Level 2.7 Fighting
 * Level 3.3 Axes
 - Level 1.7 Throwing
 + Level 1.0 Armour
 + Level 3.0 Dodging


You had 2 spell levels left.
You didn't know any spells.
Your spell library was empty.

Dungeon Overview and Level Annotations

Branches:
Dungeon (2/15)

Altars:

Shops:
D:1 [


Innate Abilities, Weirdness & Mutations

You thrive by killing the living.
You are immune to poison.
You have sharp fingernails.
Your flesh is cold resistant. (rC+)
You are immune to negative energy. (rN+++)
You do not regenerate when monsters are visible.
You are immune to unholy pain and torment.
You can survive without breathing.


Message History

Press: ? - help, Q - select action, (/) - cycle Shift-Dir - straight line, f/p - worm
Aim: a worm (severely wounded, 76% to hit)
Okay, then.
Throw: 3 javelins
Press: ? - help, Shift-Dir - straight line, f/p - worm
Aim: a worm (severely wounded, 76% to hit)
You throw a javelin. The javelin pierces through the worm!
You kill the worm!
An iguana comes into view.
The iguana hisses angrily.
An iguana is nearby!
You see here 2 javelins.
The iguana closely misses you.
You hit the iguana.
The iguana is moderately wounded.
The iguana bites you! The iguana completely misses you.
You barely miss the iguana.
The iguana is moderately wounded.
The iguana bites you.
You are too injured to fight recklessly!
You are too injured to fight recklessly!
You are too injured to fight recklessly!
You are too injured to fight recklessly!
You are too injured to fight recklessly!
You are too injured to fight recklessly!
You are too injured to fight recklessly!
You are too injured to fight recklessly!
Throw: 2 javelins
Press: ? - help, Shift-Dir - straight line, f - iguana
Aim: an iguana (moderately wounded, 60% to hit)
You throw a javelin. The javelin closely misses the iguana.
The iguana bites you.
You are too injured to fight recklessly!
You are too injured to fight recklessly!
You are too injured to fight recklessly!
You are too injured to fight recklessly!
You hit the iguana but do no damage.
The iguana is moderately wounded.
The iguana bites you!
You die...

##.......>.......#.#
#. ######....#.#####
#. #.##....#.#####
.. P..#.#.##......
#.PP#.#.#...####.#
#.P.#............#
#. .###.#...####.#
## ##...........#
#.####..(@l(# ...
######.# .=. .. ####
##


You could see an iguana.

Vanquished Creatures
  3 worms (D:2)
  3 dart slugs
  3 ball pythons (D:1)
  5 endoplasms
  2 giant cockroaches (D:1)
  2 goblins
  2 hobgoblins (D:1)
  A quokka (D:2)
  3 bats
  4 frilled lizards
  A kobold (D:1)
  2 rats (D:1)
31 creatures vanquished.

Vanquished Creatures (others)
  2 plants (D:1)
2 creatures vanquished.

Grand Total: 33 creatures vanquished

Notes
Turn   | Place    | Note
-------+----------+-------------------------------------------
     0 | D:1      | spiderkeys the Ghoul Gladiator began the quest for the Orb.
     0 | D:1      | Reached XP level 1. HP: 17/17 MP: 0/0
    83 | D:1      | Reached XP level 2. HP: 24/25 MP: 1/1
   529 | D:1      | Found Boeno's Antique Armour Shoppe.
   680 | D:1      | Reached XP level 3. HP: 30/30 MP: 2/2
  1025 | D:2      | Reached skill level 1 in Armour
  1280 | D:2      | Slain by an iguana

Illustrated notes

Levels and vault maps discovered:
D:1:      wander_arrival_fairy_ring, layout_loops_ring, serial_shops, shop
D:2:      layout_loops_ring, serial_aquarium, aquarium_bridge_square
          [aquarium_subvault_bridge, aquarium_subvault_wall,
          aquarium_subvault_wall, aquarium_subvault_bridge], aquarium_window_1,
          aquarium_window_corridor_3, aquarium_view_2f, aquarium_balcony_5b,
          aquarium_pool_five, basic_altar, minmay_misc_feat_encased,
          minmay_lizard_king

Skill      XL: |  1  2  3 |
---------------+----------+-----
Axes           | 3 |  3.3
Dodging        | 3 |  3.0
Armour         | 1 |  1.0
Fighting       | |  2.7
Throwing       | |  1.7

Action                   || total
-------------------------++-------
Melee: War axe           ||    92
Throw: Javelin           ||     4
Armor: Leather armour    ||    22
Dodge: Dodged            ||    71

Table legend: (Time is in decaauts)
 A = Elapsed time spent in this place.
 B = Non-inter-level travel time spent in this place.
 C = Inter-level travel time spent in this place.
 D = Time resting spent in this place.
 E = Time spent auto-exploring this place.
 F = Levels seen in this place.
 G = Mean time per level.
                   A        B        C        D        E       F      G
               +--------+--------+--------+--------+--------+-----+--------+
         Total |   1312 |   1272 |     40 |      0 |   1059 |   2 |  656.0 |
       Dungeon |   1312 |   1272 |     40 |      0 |   1059 |   2 |  656.0 |
               +--------+--------+--------+--------+--------+-----+--------+

Top non-repeatable levels by time:
     D:1: 896 daAuts
     D:2: 416 daAuts
